 Dungeon Crawl Stone Soup version 0.26-a0-690-gcb57259078 (webtiles) character file.

Game seed: 8635912902483621227

1746 somkeydreadnuts the Conjurer (level 9, -4/57 HPs)
             Began as a Barachi Fire Elementalist on Oct 24, 2020.
             Killed by nerve-wracking pain
             ... invoked by an orc priest
              (14 damage)
             ... on level 6 of the Dungeon.
             The game lasted 00:33:47 (6308 turns).

somkeydreadnuts the Conjurer (BaFE)                 Turns: 6308, Time: 00:33:48

Health: -4/57      AC:  6    Str:  9    XL:     9   Next: 6%
Magic:  11/18      EV: 12    Int: 20    God:
Gold:   309        SH:  5    Dex: 12    Spells: 11/20 levels left

rFire    . . .     SeeInvis +   g - +3 spear (vamp)
rCold    . . .     Faith    .   A - +0 buckler
rNeg     . . .     Spirit   .   a - +0 robe
rPois    .         Reflect  .   y - +0 hat
rElec    .         Harm     .   (no cloak)
rCorr    .         Rampage  .   (no gloves)
MR       .....                  (no boots)
Stlth    ++........             (no amulet)
HPRegen  0.19/turn              i - +4 ring of protection
MPRegen  0.16/turn              w - ring of see invisible

@: can't hop, slow
A: +LOS, swims, slowness 1, strong legs 1
a: Hop


You were on level 6 of the Dungeon.
You visited 1 branch of the dungeon, and saw 6 of its levels.
You also visited: Sewer.

You collected 414 gold pieces.
You spent 105 gold pieces at shops.

Inventory:

Hand Weapons
 g - a +3 vampiric spear (weapon)
Armour
 a - a +0 robe (worn)
 y - a +0 hat (worn)
 A - a +0 buckler (worn)
Magical Staves
 q - an uncursed staff of fire
Jewellery
 i - a +4 ring of protection (left hand)
 n - an uncursed ring of protection from cold
 p - an uncursed ring of stealth
 u - a +4 ring of evasion
 w - a ring of see invisible (right hand)
 z - an uncursed ring of flight
Wands
 m - a wand of polymorph (10)
 x - a wand of enslavement (7)
Scrolls
 b - 7 scrolls of teleportation
 d - a scroll of random uselessness
 e - 3 scrolls of fog
 f - 6 scrolls of identify
 j - 3 scrolls of remove curse
 l - a scroll of enchant weapon
 o - a scroll of enchant armour {unknown}
 s - a scroll of noise {unknown}
 t - a scroll of blinking
Potions
 c - 2 potions of ambrosia {unknown}
 h - a potion of curing
 k - a potion of heal wounds
 r - 2 potions of magic
 v - a potion of experience {unknown}
 B - 2 potions of brilliance {unknown}


   Skills:
 - Level 0.1(0.6) Polearms
 - Level 1.1(1.2) Staves
 - Level 2.1 Dodging
 - Level 1.7 Stealth
 + Level 4.4 Shields
 - Level 6.0 Spellcasting
 - Level 7.1 Conjurations
 - Level 7.1 Fire Magic


You had 11 spell levels left.
You knew the following spells:

 Your Spells              Type           Power        Failure   Level
a - Foxfire               Conj/Fire      ####         1%          1
b - Conjure Flame         Conj/Fire      ####....     1%          3
c - Fireball              Conj/Fire      ####......   16%         5

Your spell library contained the following spells:

 Spells                   Type           Power        Failure   Level
 Sticky Flame             Conj/Fire      ####....     5%          4
 Inner Flame              Hex/Fire       ###.....     8%          3


Dungeon Overview and Level Annotations

Branches:
Dungeon (6/15)              Sewer (visited)
 Temple: D:4-7

Altars:
Dithmenos
Elyvilon
Gozag
Hepliaklqana
Nemelex Xobeh
Qazlal
Ru
Xom

Shops:
D:4 !?**(


Innate Abilities, Weirdness & Mutations

You can be seen from farther away. (+LOS)
You can swim through water.
You cover ground slowly.
You can hop short distances.


Message History

Casting: Foxfire (safe; 1% risk of failure)
Confirm with . or Enter, or press ? or * to list all spells.
You conjure some foxfire!
You hit the orc priest but do no damage.
The orc priest is moderately wounded.
The foxfire hits the orc priest!
The orc priest is almost dead.
The foxfire hits the orc priest.
The orc priest is almost dead.
The orc priest mumbles some strange prayers to Beogh against you.
Beogh smites you!
* * * LOW HITPOINT WARNING * * *
Press: ? - help, Dir - move target cursor Boing!
The orc priest calls down the wrath of Beogh upon you.
Beogh smites you!
* * * LOW HITPOINT WARNING * * *
The orc priest calls down the wrath of Beogh upon you.
Pain shoots through your body!
You die...

####..#..##
..
#.......##
. #.###..##
. #.##..##
.. #.#..##
... #...##
##... #..##
##.!...
##.#
###.o)#
#@###○))#
#....o.##
######.#
#.####....
#......#
#......#
#.....##
#........
#.....###.


You could see an orc priest.

Vanquished Creatures
  A phantom (D:5)
  2 sky beasts (D:6)
  2 ice beasts
  A necrophage (D:6)
  3 big kobolds (Sewer)
  2 bullfrogs (D:6)
  A scorpion (D:5)
  A centaur zombie (D:6)
  2 howler monkeys
  A bullfrog zombie (D:5)
  4 hounds
  3 orc wizards
  A bullfrog skeleton (D:6)
  A centaur skeleton (D:5)
  3 iguanas
  4 worker ants
  4 gnolls
  6 adders
  A river rat (Sewer)
  7 oozes (Sewer)
  4 worms
  2 dart slugs
  2 leopard geckos
  12 orcs
  A ball python (D:3)
  11 giant cockroaches
  2 goblins
  5 hobgoblins
  7 jackals (D:3)
  14 kobolds
  A quokka (D:3)
  3 bats
  4 frilled lizards
  2 jackal skeletons
  2 leopard gecko zombies
  A quokka skeleton (D:4)
  9 rats
132 creatures vanquished.

Vanquished Creatures (others)
  479 foxfires
479 creatures vanquished.

Grand Total: 611 creatures vanquished

Notes
Turn   | Place    | Note
-------+----------+-------------------------------------------
     0 | D:1      | somkeydreadnuts the Barachi Fire Elementalist began the
                  | quest for the Orb.
     0 | D:1      | Reached XP level 1. HP: 13/13 MP: 3/3
   378 | D:1      | Reached XP level 2. HP: 19/19 MP: 3/5
   827 | D:2      | Reached XP level 3. HP: 24/24 MP: 3/6
   872 | D:2      | Found a faded altar of an unknown god.
  1082 | D:2      | Found a sacrificial altar of Ru.
  1654 | D:3      | Reached skill level 5 in Fire Magic
  1729 | D:3      | Reached XP level 4. HP: 30/30 MP: 5/7
  1871 | D:3      | Found a glowing drain.
  1881 | Sewer    | Entered a sewer
  2331 | Sewer    | Reached XP level 5. HP: 35/35 MP: 4/8
  2373 | Sewer    | Noticed a big kobold
  2374 | Sewer    | Noticed a big kobold
  2384 | Sewer    | Killed a big kobold
  2393 | Sewer    | Killed a big kobold
  2393 | Sewer    | Reached XP level 6. HP: 36/41 MP: 0/9
  2603 | Sewer    | Reached skill level 5 in Conjurations
  3463 | D:4      | Found Xeped's Assorted Antiques.
  3509 | D:4      | Found Naheubodd's Assorted Antiques.
  3638 | D:4      | Found Wumavec's Magic Scroll Shop.
  3656 | D:4      | Reached XP level 7. HP: 25/46 MP: 4/13
  3675 | D:4      | Bought a scroll of blinking for 105 gold pieces
  3889 | D:4      | Found Piphaama's Antique Weapon Shoppe.
  4218 | D:4      | Found Uvath's Distillery.
  4277 | D:5      | Entered Level 5 of the Dungeon
  4371 | D:5      | Learned a level 3 spell: Conjure Flame
  4467 | D:5      | Reached skill level 5 in Spellcasting
  4834 | D:5      | Reached XP level 8. HP: 52/52 MP: 12/17
  5336 | D:6      | Found a hazy altar of Hepliaklqana.
  5336 | D:6      | Found a white marble altar of Elyvilon.
  5336 | D:6      | Found a stormy altar of Qazlal.
  5336 | D:6      | Found a shimmering altar of Xom.
  5336 | D:6      | Found a sacrificial altar of Ru.
  5336 | D:6      | Found an opulent altar of Gozag.
  5336 | D:6      | Found a sparkling altar of Nemelex Xobeh.
  5560 | D:6      | Found a shadowy altar of Dithmenos.
  5747 | D:6      | Reached skill level 1 in Shields
  5759 | D:6      | Reached skill level 1 in Staves
  6122 | D:6      | Reached XP level 9. HP: 53/57 MP: 7/18
  6130 | D:6      | Learned a level 5 spell: Fireball
  6308 | D:6      | Killed from afar by an orc priest

Illustrated notes

Levels and vault maps discovered:
D:1:      lightli_arrival_maybe_door_vault, layout_basic, patterned_corridor
D:2:      layout_basic, chequers_ecumenical_altar_simple_redux,
          nicolae_ru_sacrificial_ziggurat
D:3:      layout_basic, cheibrodos_sewer_entry_drain
D:4:      layout_cave_pools, serial_shops, kennysheep_mini,
          nicolae_shop_behind_doors, shop, shop, shop
D:5:      layout_basic, grunt_tough_drop
D:6:      mumra_celtic_spiral_tile, layout_rooms, grunt_temple_overflow_open,
          old_standard_altar, minmay_temple_entry_junction,
          minmay_manual_mandibuliform

Skill      XL: |  1  2  3  4  5  6  7  8  9 |
---------------+----------------------------+-----
Fire Magic     | 4 5 7 |  7.1
Conjurations   | 2 4 5 7 |  7.1
Spellcasting   | 4 6 |  6.0
Shields        | 3 4 |  4.4
Staves         | 1 |  1.1
Polearms       | |  0.1
Dodging        | |  2.1
Stealth        | |  1.7

Action                   |  1- 3 |  4- 6 |  7- 9 || total
-------------------------+-------+-------+-------++-------
Melee: Spear             |    16 |     4 |     2 ||    22
       Staff             |       |       |    50 ||    50
 Cast: Foxfire           |    58 |    94 |   151 ||   303
       Conjure Flame     |       |       |     1 ||     1
 Abil: Hop               |       |       |     2 ||     2
  Use: Potion            |       |     6 |     2 ||     8
       Scroll            |       |     1 |     4 ||     5
Armor: Robe              |    17 |    11 |    25 ||    53
Dodge: Dodged            |    17 |    20 |    54 ||    91
Block: Buckler           |       |       |     7 ||     7

Table legend: (Time is in decaauts)
 A = Elapsed time spent in this place.
 B = Non-inter-level travel time spent in this place.
 C = Inter-level travel time spent in this place.
 D = Time resting spent in this place.
 E = Time spent auto-exploring this place.
 F = Levels seen in this place.
 G = Mean time per level.
                   A        B        C        D        E       F      G
               +--------+--------+--------+--------+--------+-----+--------+
         Total |   6989 |   6989 |      0 |      0 |   5017 |   7 |  998.4 |
       Dungeon |   5824 |   5824 |      0 |      0 |   4143 |   6 |  970.7 |
         Sewer |   1164 |   1164 |      0 |      0 |    873 |   1 | 1164.0 |
               +--------+--------+--------+--------+--------+-----+--------+

Top non-repeatable levels by time:
     D:5: 1261 daAuts
   Sewer: 1164 daAuts
     D:3: 1031 daAuts
     D:6: 946 daAuts
     D:4: 925 daAuts
     D:2: 841 daAuts
     D:1: 818 daAuts
